 Dungeon Crawl Stone Soup version 0.16-a0-3843-ged98c6c (webtiles) character file.

128 timbw the Chucker (level 5, -1/57 HPs)
             Began as a Human Hunter on Jan 30, 2015.
             Was a Follower of the Shining One.
             Slain by Ijyb
             ... wielding a +0 dagger
              (4 damage)
             ... on level 6 of the Dungeon.
             The game lasted 00:08:28 (1232 turns).

timbw the Chucker (Human Hunter)                    Turns: 1232, Time: 00:08:28

Health: -1/57      AC:  6    Str: 17    XL:     5   Next: 34%
Magic:  5/5        EV: 13    Int: 11    God:    the Shining One [*.....]
Gold:   26         SH:  0    Dex: 15    Spells: 0 memorised, 4 levels left

rFire  . . .     SeeInvis .     a - +0 short sword
rCold  . . .     Clarity  .     d - +0 leather armour
rNeg   . . .     SustAb   .     (no shield)
rPois  .         Gourm    .     q - +0 hat
rElec  .         Spirit   .     p - +2 cloak
rCorr  .         Warding  .     (no gloves)
rMut   .         Stasis   .     (no boots)
MR     .....                    (no amulet)
Stlth  ..........               (no ring)
                                (no ring)

@: berserking (expiring), glowing, very quick, not resistant to hostile
enchantments, extremely unstealthy
A: no striking features
a: Renounce Religion


You were on level 6 of the Dungeon.
You worshipped the Shining One.
The Shining One was aware of your devotion.
You were hungry.

You visited 1 branch of the dungeon, and saw 6 of its levels.

You collected 26 gold pieces.

Inventory:

Hand weapons
 a - a +0 short sword (weapon)
 e - a +0 hand axe
 l - a +0 club
Missiles
 c - 6 javelins (quivered)
 u - 2 throwing nets
Armour
 d - a +0 leather armour (worn)
 h - a +2 shield of cold resistance
 p - a +2 cloak (worn)
 q - a +0 hat (worn)
Magical devices
 t - a wand of frost (28)
Scrolls
 g - a scroll of identify
 k - a scroll of remove curse {unknown}
 o - a scroll of blinking {unknown}
 r - a scroll of teleportation {unknown}
 s - a scroll of amnesia {unknown}
Potions
 i - a potion of invisibility
 m - a potion of resistance
 n - a potion of poison
Comestibles
 f - 3 bread rations
 v - 2 meat rations


   Skills:
 - Level 2.2 Fighting
 + Level 3.5 Maces & Flails
 - Level 4.0 Throwing
 - Level 3.3 Dodging
 - Level 1.0 Stealth


You had 4 spell levels left.
You didn't know any spells.

Dungeon Overview and Level Annotations

Branches:
Dungeon (6/15)
 Temple: D:4-7

Altars:
Kikubaaqudgha
Nemelex Xobeh
Zin
The Shining One

Shops:
D:5 [

Annotations:
D:2 Robin
D:3 kroki's ghost, average OpAs
D:6 Ijyb


Message History

An adder comes into view.
Found a stone staircase leading up.
There is a stone staircase leading up here.
You puncture Natasha!
You kill Natasha!
The Shining One accepts your kill.
Natasha screams in pain as she dies!
Reactivating autopickup.
Your Maces & Flails skill increases to level 3!
You have reached level 5!
You puncture the adder!
The adder is severely wounded.
You are feeling hungry.
The adder misses you. Ijyb completely misses you.
You puncture the adder!
You kill the adder!
Ijyb hits you with a dagger.
* * * LOW HITPOINT WARNING * * *
You barely miss Ijyb. Ijyb hits you with a dagger.
You die...

### ##
....######..<
.............
#...........
#..........
#...........
#..@g.......
##.†########
#..# #..#
#..# ...#
...# ...## #


You could see Ijyb.

Vanquished Creatures
  Natasha (D:6)
  Jessica (D:3)
  3 adders
  A shadow imp (D:5)
  2 giant mites (D:1)
  An adder skeleton (D:4)
  An orc (D:4)
  A bat skeleton (D:5)
  4 giant cockroaches
  3 hobgoblins (D:1)
  3 kobolds
  A ball python (D:1)
  2 bats
  A giant cockroach zombie (D:5)
  2 giant newts
  4 goblins
  5 jackals
  5 rats
41 creatures vanquished.

Notes
Turn   | Place    | Note
--------------------------------------------------------------
     0 | D:1      | timbw, the Human Hunter, began the quest for the Orb.
     0 | D:1      | Reached XP level 1. HP: 16/16 MP: 1/1
    78 | D:1      | Reached XP level 2. HP: 11/22 MP: 2/2
   148 | D:1      | Reached XP level 3. HP: 15/27 MP: 3/3
   284 | D:2      | Noticed Robin
   412 | D:2      | Found an ancient bone altar of Kikubaaqudgha.
   412 | D:2      | Found a glowing silver altar of Zin.
   442 | D:3      | Reached skill level 1 in Maces & Flails
   490 | D:3      | Found a glowing golden altar of the Shining One.
   507 | D:3      | Noticed Jessica
   518 | D:3      | Killed Jessica
   518 | D:3      | Reached XP level 4. HP: 28/33 MP: 4/4
   545 | D:3      | Became a worshipper of the Shining One
   560 | D:3      | Noticed kroki's ghost (average OpAs)
   923 | D:5      | Entered Level 5 of the Dungeon
   962 | D:5      | Found Mnef's Armour Shop.
  1012 | D:5      | Found a sparkling altar of Nemelex Xobeh.
  1204 | D:5      | Noticed Ijyb
  1206 | D:5      | Noticed Natasha
  1206 | D:5      | Acquired the Shining One's first power
  1229 | D:6      | Killed Natasha
  1229 | D:6      | Reached XP level 5. HP: 3/38 MP: 5/5
  1231 | D:6      | HP: 2/57 [Ijyb/dagger (1)]
  1232 | D:6      | Slain by Ijyb

Action                   |  1- 3 |  4- 6 || total
-------------------------+-------+-------++-------
Melee: Short sword       |    79 |    71 ||   150
Throw: Javelin           |    15 |     8 ||    23
       Throwing net      |       |     2 ||     2
  Use: Potion            |       |     4 ||     4
       Scroll            |       |     2 ||     2
 Stab: Invisible         |       |     2 ||     2
       Sleeping          |       |     1 ||     1
  Eat: Chunk             |       |     1 ||     1
